Selects Airborne Battlegroup
Construct Medical Station
Selects Paratrooper Squad Paradrop
M1918 Browning Automatic Rifles
Selects Anti-tank Gun Team Paradrop
Anti-tank Gun Team Paradrop
Anti-tank Gun Team Paradrop
Anti-tank Gun Team Paradrop
Selects Paradrop Reinforcements
Construct Weapon Support Center
Anti-tank Gun Team Paradrop
M3 Armored Personnel Carrier
Paratrooper Squad Paradrop
M18 Hellcat Tank Destroyer
Anti-tank Gun Team Paradrop
M3 Armored Personnel Carrier
Anti-tank Gun Team Paradrop
Anti-tank Gun Team Paradrop
M18 Hellcat Tank Destroyer
Selects Carpet Bombing Run
M18 Hellcat Tank Destroyer
M18 Hellcat Tank Destroyer
Paratrooper Squad Paradrop
M3 Armored Personnel Carrier
M18 Hellcat Tank Destroyer
M18 Hellcat Tank Destroyer
M18 Hellcat Tank Destroyer